 Dungeon Crawl Stone Soup version 0.22.1-6-g1668fe2c40 (webtiles) character file.

85 Kohma the Stinger (level 4, 0/38 HPs)
             Began as a Naga Venom Mage on Jan 25, 2019.
             Killed by nerve-wracking pain
             ... invoked by Jessica
              (9 damage)
             ... on level 3 of the Dungeon.
             The game lasted 00:12:03 (2404 turns).

Kohma the Stinger (Naga Venom Mage)                 Turns: 2404, Time: 00:12:05

Health: 0/38       AC:  4    Str: 12    XL:     4   Next: 48%
Magic:  4/7        EV: 10    Int: 15    God:
Gold:   83         SH:  0    Dex: 11    Spells: 1/7 levels left

rFire    . . .     SeeInvis +   i - +0 long sword
rCold    . . .     Gourm    .   (no shield)
rNeg     . . .     Faith    .   a - +1 robe
rPois    +         Spirit   .   (no helmet)
rElec    .         Reflect  .   w - +0 cloak
rCorr    .         Harm     .   (no gloves)
MR       .....                  (no barding)
Stlth    ++........             (no amulet)
HPRegen  0.12/turn              (no ring)
MPRegen  0.10/turn              (no ring)

@: very slightly contaminated, very slow
A: large, see invisible, deformed body, poison resistance, slowness 2, slow
metabolism 1, spit poison 1, AC +1
a: Spit Poison


You were on level 3 of the Dungeon.
You were not hungry.

You visited 1 branch of the dungeon, and saw 3 of its levels.

You collected 83 gold pieces.

Inventory:

Hand Weapons
 d - a cursed -2 hunting sling
 i - a +0 long sword (weapon)
Missiles
 b - 52 stones (quivered)
 n - 27 bolts
 p - 38 sling bullets
Armour
 a - a +1 robe (worn)
 k - a +0 ring mail
 w - a +0 cloak (worn)
Potions
 e - a potion of heal wounds
 f - a potion of flight
 g - a potion of mutation
 j - 3 potions of curing
 o - a potion of cancellation {unknown}
 q - a potion of magic {unknown}
 t - a potion of invisibility {unknown}
 u - a potion of lignification {unknown}
Comestibles
 c - 3 rations
 h - a chunk of flesh


   Skills:
 + Level 1.2 Fighting
 - Level 1.5 Dodging
 - Level 3.2 Stealth
 - Level 0.4 Unarmed Combat
 + Level 2.4 Spellcasting
 + Level 1.8 Conjurations
 + Level 0.9 Air Magic
 * Level 5.1 Poison Magic


You had one spell level left.
You knew the following spells:

 Your Spells              Type           Power        Failure   Level  Hunger
a - Sting                 Conj/Pois      ##..         4%          1    #......
b - Poisonous Vapours     Pois/Air       ##....       9%          2    ###....
c - Mephitic Cloud        Conj/Pois/Air  #.......     22%         3    ###....

Your spell library contained the following spells:

 Spells                   Type           Power        Failure   Level  Hunger
 Olgreb's Toxic Radiance  Pois           ###.....     26%         4    #####..
 Venom Bolt               Conj/Pois      ##........   80%         5    ######.


Dungeon Overview and Level Annotations

Branches:
Dungeon (3/15)

Altars:
Elyvilon
Makhleb
Ru
Sif Muna
Vehumet

Annotations:
D:3 Grinder, Jessica


Innate Abilities, Weirdness & Mutations

You cannot wear boots.
Your serpentine skin is tough. (AC +1)
You have supernaturally acute eyesight. (SInv)
Armour fits poorly on your strangely shaped body.
Your system is resistant to poisons. (rPois)
You cover ground very slowly.
You have a slow metabolism.
You can spit poison.


Message History

Found a leather armour.
Found a white marble altar of Elyvilon.
The ball python hisses angrily.
Jessica completely misses you.
You riposte.
You barely miss Jessica.
Jessica is heavily wounded.
The ball python closely misses you. Jessica says, "Why did you come here?"
Jessica points at you and mumbles some strange words.
Pain shoots through your body!
* * * LOW HITPOINT WARNING * * *
Jessica looks more healthy.
Jessica casts a spell.
Jessica blinks!
The ball python closely misses you.
You riposte.
You hit the ball python.
You kill the ball python!
The quokka barely misses you.
You riposte.
You hit the quokka.
The quokka is moderately wounded.
The rat twitches its whiskers.
Jessica points at you and mumbles some strange words.
Pain shoots through your body!
You die...

#.....# #...<
#.....###...)
#........>.5.
#...)####....
########....#
#....
#...........#
#....
#...5##.....#
#####
#....##.5...#
###..@S##.#.###
#.....@rr..#.#
#.#####..........
# #..#.....#.
##.........
..#.⌠.⌠.#.
#..........
#..#.....#.
#....._.[.


You could see Grinder, Jessica, a quokka, a ball python and a rat.

Vanquished Creatures
  3 adders
  An ooze (D:2)
  A dart slug (D:1)
  4 leopard geckos
  A ball python (D:3)
  5 giant cockroaches
  4 goblins (D:1)
  5 hobgoblins
  8 kobolds
  6 bats
  6 frilled lizards
  4 rats
48 creatures vanquished.

Notes
Turn   | Place    | Note
-------+----------+-------------------------------------------
     0 | D:1      | Kohma the Naga Venom Mage began the quest for the Orb.
     0 | D:1      | Reached XP level 1. HP: 15/15 MP: 3/3
   190 | D:1      | Reached XP level 2. HP: 22/22 MP: 0/5
   194 | D:1      | Learned a level 2 spell: Poisonous Vapours
   881 | D:1      | Reached XP level 3. HP: 30/30 MP: 6/6
   966 | D:1      | Learned a level 3 spell: Mephitic Cloud
  1253 | D:2      | Reached skill level 1 in Fighting
  1638 | D:2      | Reached XP level 4. HP: 28/38 MP: 1/7
  1751 | D:2      | Found a radiant altar of Vehumet.
  1766 | D:2      | Found a deep blue altar of Sif Muna.
  1778 | D:2      | Found a sacrificial altar of Ru.
  1796 | D:2      | Reached skill level 5 in Poison Magic
  1800 | D:2      | Found a burning altar of Makhleb.
  2380 | D:3      | Noticed Jessica
  2380 | D:3      | Noticed Grinder
  2400 | D:3      | Found a white marble altar of Elyvilon.
  2404 | D:3      | Killed from afar by Jessica

Skill      XL: |  1  2  3  4 |
---------------+-------------+-----
Fighting       | 1 |  1.2
Poison Magic   | 5 |  5.1
Dodging        | |  1.5
Stealth        | |  3.2
Unarmed Combat | |  0.4
Spellcasting   | |  2.4
Conjurations   | |  1.8
Air Magic      | |  0.9

Action                   |  1- 3 |  4- 6 || total
-------------------------+-------+-------++-------
Melee: Unarmed           |     3 |       ||     3
       Club              |     4 |       ||     4
       Short sword       |    24 |       ||    24
       Whip              |    24 |    30 ||    54
 Cast: Sting             |    20 |       ||    20
       Poisonous Vapours |    21 |    10 ||    31
 Abil: Spit Poison       |     3 |       ||     3
  Use: Scroll            |     3 |     6 ||     9
 Stab: Sleeping          |     2 |     1 ||     3
  Eat: Chunk             |     3 |     3 ||     6
Armor: Robe              |    22 |    21 ||    43
Dodge: Dodged            |    41 |    37 ||    78
       Rpst.: Long sword |       |     5 ||     5
